 Dungeon Crawl Stone Soup version 0.23.2-40-g277498a001 (webtiles) character file.

Game seed: 12765804714602269676

20451 KamiKatze the Cleaver (level 12, -9/162 HPs)
             Began as a Pale Draconian Berserker on Oct 4, 2019.
             Was a High Priest of Trog.
             Mangled by a komodo dragon (23 damage)
             ... on level 4 of the Lair of Beasts on Oct 6, 2019.
             The game lasted 01:08:04 (15520 turns).

KamiKatze the Cleaver (Pale Draconian Berserker)   Turns: 15520, Time: 01:08:05

Health: -9/162     AC: 13    Str: 29    XL:     12   Next: 45%
Magic:  13/13      EV: 19    Int:  8    God:    Trog [*****.]
Gold:   773        SH:  6    Dex: 16    Spells: 11/11 levels left

rFire    . . .     SeeInvis .   w - +1 broad axe
rCold    . . .     Gourm    .   u - +0 buckler
rNeg     . . .     Faith    .   (armour unavailable)
rPois    +         Spirit   .   X - +0 hat {MR+}
rElec    .         Reflect  .   y - +1 cloak
rCorr    .         Harm     .   D - +1 pair of gloves
MR       +....                  E - +0 pair of boots
Stlth    ..........             (no amulet)
HPRegen  0.37/turn              P - +5 ring of dexterity
MPRegen  0.13/turn              J - ring of poison resistance

@: berserking, lethally poisoned (-9 -> -11), very quick
A: breathe steam, unfitting armour, cold-blooded, AC +8
a: Breathe Steam, Berserk, Trog's Hand, Brothers in Arms, Renounce Religion


You were on level 4 of the Lair of Beasts.
You worshipped Trog.
Trog was extremely pleased with you.
You were very hungry.

You visited 3 branches of the dungeon, and saw 15 of its levels.
You also visited: Volcano.

You collected 773 gold pieces.

Inventory:

Hand Weapons
 a - a +0 hand axe
 b - a +0 war axe
 v - a +0 blowgun
 w - a +1 broad axe (weapon)
 H - a +0 trident of venom
Missiles
 c - 402 stones
 h - 76 poisoned needles
 t - 8 tomahawks (quivered)
 z - 2 throwing nets
 L - 3 curare-tipped needles
 R - 3 javelins
Armour
 u - a +0 buckler (worn)
 y - a +1 cloak (worn)
 D - a +1 pair of gloves (worn)
 E - a +0 pair of boots (worn)
 O - a +0 shield
 X - a +0 hat of magic resistance (worn)
Jewellery
 I - an uncursed ring of protection from magic
 J - a ring of poison resistance (right hand)
 P - a +5 ring of dexterity (left hand)
 U - an uncursed ring of magical power
 Y - an uncursed ring of flight {unknown}
Wands
 C - a wand of disintegration (8)
 F - a wand of clouds (13)
 K - a wand of digging (2)
 Q - a wand of paralysis (7)
 S - a wand of polymorph (6)
 V - a wand of flame (15)
 Z - a wand of iceblast (9)
Scrolls
 d - 13 scrolls of identify
 g - 5 scrolls of fear
 k - 2 scrolls of magic mapping
 l - 3 scrolls of fog
 n - 4 scrolls of remove curse
 p - 3 scrolls of blinking
 q - 5 scrolls of immolation
 r - 3 scrolls of enchant armour
 B - 5 scrolls of enchant weapon
 M - 3 scrolls of teleportation
 W - a scroll of vulnerability
Potions
 e - 4 potions of heal wounds
 f - a potion of mutation {unknown}
 i - 2 potions of haste
 j - 6 potions of flight
 m - 3 potions of brilliance
 o - 7 potions of curing
 s - a potion of magic
 x - 2 potions of lignification
 A - 4 potions of agility
 T - a potion of ambrosia
Comestibles
 G - 21 rations


   Skills:
 + Level 10.8 Fighting
 * Level 13.3 Axes
 + Level 9.2 Dodging
 + Level 3.7 Stealth
 + Level 7.7 Shields
 - Level 2.3 Evocations


You had 11 spell levels left.
You didn't know any spells.
Your spell library was empty.

Dungeon Overview and Level Annotations

Branches:
Dungeon (10/15)            Temple (1/1) D:5            Lair (4/6) D:8
 Shoals (0/4) Lair:2        Snake (0/4) Lair:4
    Orc: D:9-12

Altars:
Ashenzari
Cheibriados
Dithmenos
Elyvilon
Fedhas
Gozag
Hepliaklqana
Kikubaaqudgha
Makhleb
Nemelex Xobeh
Okawaru
Qazlal
Ru
Sif Muna
Trog
Uskayaw
Vehumet
Wu Jian
Xom
Yredelemnul
Zin
The Shining One

Shops:
D:9 }

Annotations:
D:9 exclusion: downstairs
D:10 Urug
Lair:1 3 runed translucent doors, exclusion: 2 oklob plants, Martska's ghost, novice HOFi


Innate Abilities, Weirdness & Mutations

You can breathe blasts of scalding, opaque steam.
Your pale cyan-grey scales are hard. (AC +8)
You cannot fit into any form of body armour.
You are cold-blooded and may be slowed by cold attacks.


Message History

The spiny frog is almost dead.
You feel sick. You block the spiny frog's attack.
You barely miss the spiny frog. You tail-slap the spiny frog.
You kill the spiny frog!
Trog accepts your kill.
You slash the komodo dragon! You barely miss the komodo dragon.
The komodo dragon is moderately wounded.
You feel sick. The komodo dragon bites you!!
* * * LOW HITPOINT WARNING * * *
You barely miss the komodo dragon. You tail-slap the komodo dragon!
The komodo dragon is heavily wounded.
The komodo dragon misses you.
You slash the komodo dragon! You tail-slap the komodo dragon.
The komodo dragon is almost dead.
You feel sick.
You hit the komodo dragon.
The komodo dragon is almost dead.
You feel sick. The komodo dragon bites you!!
You die...

##...... ###..#..##..#.#
#.....## #...........#
##.#....## #.#..#P.#.###
#.......P# ##.#######.## .
##.#.P...# ##..#..#.##..#
..........#######....#.......#
.P.##..##...#...#............#
## #.###.....l..<....#.######
### #... #.#...†@......###
..####.######..###.....#
#<.###.P# ##..##....##
.......### ##..#######
.........####...#
####..##.......##
#######..P### #####


You could see a komodo dragon.

Vanquished Creatures
  Rupert (Lair:3)
  Gastronok (Lair:3)
  2 hydras
  A two-headed ogre (D:8)
  A death yak (Lair:3)
  A lindwurm (Lair:3)
  2 manticores
  3 spiny frogs
  A rime drake (Lair:3)
  3 komodo dragons
  A troll (D:8)
  Prince Ribbit (D:8)
  4 dream sheep (Lair:4)
  A hippogriff (Lair:4)
  Sigmund (D:6)
  2 wyverns
  14 yaks
  A vampire (D:8)
  3 fire bats (Volcano)
  2 basilisks
  8 water moccasins
  5 porcupines
  A hornet zombie (D:6)
  5 orc warriors
  3 sky beasts
  6 wolves
  5 ogres
  A phantom (D:5)
  5 crocodiles
  4 centaurs
  A big kobold (D:8)
  10 bullfrogs
  A wyvern zombie (D:10)
  6 killer bees
  2 electric eels (Lair:1)
  2 howler monkeys (D:9)
  5 crimson imps
  A centaur zombie (D:8)
  4 hounds
  A quasit (D:8)
  A bullfrog skeleton (D:5)
  2 jellies
  An orc priest (D:3)
  7 orc wizards
  A centaur skeleton (D:8)
  Natasha (thrice) (D:4)
  3 iguanas
  4 worker ants
  A hound zombie (D:6)
  2 hound skeletons
  A worker ant zombie (D:8)
  11 gnolls
  12 adders
  2 shadow imps
  An ooze (D:4)
  4 adder skeletons
  A worm (D:2)
  3 dart slugs (D:1)
  3 leopard geckos
  17 orcs
  6 giant cockroaches
  7 goblins
  10 hobgoblins
  8 jackals
  8 quokkas
  A ball python (D:3)
  6 bats
  6 frilled lizards
  A jackal zombie (D:2)
  15 kobolds
  A leopard gecko skeleton (D:7)
  A leopard gecko zombie (D:5)
  7 rats
  A fungus (Lair:1)
280 creatures vanquished.

Vanquished Creatures (others)
  3 fungi
  15 plants
18 creatures vanquished.

Grand Total: 298 creatures vanquished

Notes
Turn   | Place    | Note
-------+----------+-------------------------------------------
     0 | D:1      | KamiKatze the Draconian Berserker began the quest for the
                  | Orb.
     0 | D:1      | Reached XP level 1. HP: 19/19 MP: 1/1
    90 | D:1      | Reached XP level 2. HP: 25/26 MP: 2/2
   657 | D:1      | Reached XP level 3. HP: 19/31 MP: 3/3
  1061 | D:2      | Reached ** piety under Trog
  1489 | D:2      | Reached skill level 4 in Axes
  1537 | D:2      | Reached XP level 4. HP: 28/40 MP: 4/4
  2004 | D:3      | Reached XP level 5. HP: 19/46 MP: 5/5
  2194 | D:3      | Found a burning altar of Makhleb.
  2367 | D:3      | Found a hide-covered altar of Uskayaw.
  2372 | D:3      | Found an opulent altar of Gozag.
  2373 | D:3      | Found a snail-covered altar of Cheibriados.
  2375 | D:3      | Found a deep blue altar of Sif Muna.
  2377 | D:3      | Found a glowing golden altar of the Shining One.
  2378 | D:3      | Found a shattered altar of Ashenzari.
  2577 | D:3      | Reached skill level 1 in Shields
  2908 | D:4      | Found a basalt altar of Yredelemnul.
  2923 | D:4      | Reached skill level 5 in Axes
  3121 | D:3      | Reached XP level 6. HP: 34/53 MP: 6/6
  3181 | D:4      | Reached *** piety under Trog
  3608 | D:4      | Your scales start taking on a pale cyan-grey colour.
  3608 | D:4      | Reached XP level 7. HP: 25/60 MP: 7/7
  3803 | D:4      | Noticed Natasha
  3819 | D:4      | Killed Natasha
  3997 | D:4      | Noticed Natasha
  4004 | D:4      | Killed Natasha
  4071 | D:4      | Noticed Natasha
  4076 | D:4      | Killed Natasha
  4076 | D:4      | Reached skill level 5 in Fighting
  4099 | D:5      | Entered Level 5 of the Dungeon
  4158 | D:5      | Found a staircase to the Ecumenical Temple.
  4170 | Temple   | Entered the Ecumenical Temple
  4756 | D:5      | Reached skill level 6 in Axes
  5691 | D:6      | Reached XP level 8. HP: 9/69 MP: 8/8
  5790 | D:6      | Reached skill level 1 in Stealth
  6370 | D:6      | Reached skill level 7 in Axes
  6532 | D:6      | Reached skill level 5 in Dodging
  6740 | D:6      | Noticed Sigmund
  6755 | D:6      | Killed Sigmund
  6895 | D:7      | Found a bloodstained altar of Trog.
  7187 | D:7      | Reached **** piety under Trog
  7511 | D:7      | Reached skill level 8 in Axes
  7724 | D:8      | Reached XP level 9. HP: 21/78 MP: 9/9
  8400 | D:8      | Noticed a troll
  8415 | D:8      | Killed a troll
  8415 | D:8      | Reached skill level 9 in Axes
  8415 | D:8      | Reached skill level 1 in Evocations
  8456 | D:8      | Noticed a manticore
  8473 | D:8      | Killed a manticore
  8776 | D:8      | Noticed Prince Ribbit
  8787 | D:8      | Killed Prince Ribbit
  8794 | D:8      | Noticed a two-headed ogre
  8810 | D:8      | Killed a two-headed ogre
  8810 | D:8      | Reached skill level 10 in Axes
  8810 | D:8      | Reached XP level 10. HP: 88/88 MP: 11/11
  9438 | D:8      | Found a staircase to the Lair.
  9689 | D:9      | Noticed a manticore
  9720 | D:9      | Killed a manticore
 10161 | D:9      | Found Bogoa's Gadget Emporium.
 10738 | D:10     | Entered Level 10 of the Dungeon
 10806 | D:10     | Noticed Urug
 10888 | Lair:1   | Entered Level 1 of the Lair of Beasts
 10889 | Lair:1   | Reached ***** piety under Trog
 11079 | Lair:1   | Reached skill level 11 in Axes
 11123 | Lair:1   | Found a runed translucent gate.
 11123 | Lair:1   | Found a runed translucent gate.
 11123 | Lair:1   | Found a runed translucent gate.
 11124 | Lair:1   | Noticed a spectral five-headed hydra
 11124 | Lair:1   | Noticed Martska's ghost (novice HOFi)
 11124 | Lair:1   | Noticed a spectral five-headed hydra
 11274 | Lair:1   | Noticed an oklob plant
 11319 | Lair:1   | Reached skill level 5 in Shields
 11470 | Lair:1   | Noticed a spiny frog
 11701 | Lair:1   | Noticed an oklob plant
 12003 | Lair:1   | Killed a spiny frog
 12003 | Lair:1   | Reached XP level 11. HP: 21/97 MP: 12/12
 12205 | Lair:2   | Found a staircase to the Shoals.
 12314 | Lair:2   | Found a dark tunnel.
 12323 | Volcano  | Entered a volcano
 12479 | Lair:2   | Found a snail-covered altar of Cheibriados.
 13543 | Lair:3   | Noticed Rupert
 13563 | Lair:3   | Killed Rupert
 13563 | Lair:3   | Reached skill level 12 in Axes
 13678 | Lair:3   | Noticed Gastronok
 13822 | Lair:3   | Reached skill level 10 in Fighting
 13823 | Lair:3   | Killed Gastronok
 14223 | Lair:3   | Reached XP level 12. HP: 84/107 MP: 13/13
 14379 | Lair:3   | Noticed a five-headed hydra
 14425 | Lair:3   | Killed a five-headed hydra
 14658 | Lair:3   | Reached skill level 13 in Axes
 14948 | Lair:4   | Noticed a six-headed hydra
 14973 | Lair:4   | Killed a six-headed hydra
 15029 | Lair:4   | Found a staircase to the Snake Pit.
 15260 | Lair:4   | Noticed a death yak
 15260 | Lair:4   | Noticed a death yak
 15260 | Lair:4   | Noticed a death yak
 15260 | Lair:4   | Noticed a death yak
 15263 | Lair:4   | Noticed a death yak
 15263 | Lair:4   | Noticed a death yak
 15264 | Lair:4   | Noticed a death yak
 15264 | Lair:4   | Noticed a death yak
 15322 | Lair:3   | Killed a death yak
 15520 | Lair:4   | Mangled by a komodo dragon

Skill      XL: |  1  2  3  4  5  6  7  8  9 10 11 12 |
---------------+-------------------------------------+-----
Dodging        | 3 4 5 6 7 8 9 |  9.2
Axes           | 4 5 6 8 10 11 12 13 | 13.3
Fighting       | 4 5 6 8 9 10 | 10.8
Shields        | 1 2 4 5 7 |  7.7
Stealth        | 2 3 |  3.7
Evocations     | 2 |  2.3

Action                   |  1- 3 |  4- 6 |  7- 9 | 10-12 || total
-------------------------+-------+-------+-------+-------++-------
Melee: Hand axe          |   125 |   163 |   431 |   178 ||   897
       Tailslap          |    10 |    24 |    61 |    93 ||   188
       War axe           |       |       |       |   104 ||   104
       Broad axe         |       |       |       |   241 ||   241
       Trident           |       |       |       |     8 ||     8
 Fire: Blowgun           |       |     4 |       |       ||     4
Throw: Stone             |       |     4 |       |       ||     4
       Tomahawk          |       |       |     4 |    13 ||    17
Invok: Berserk           |       |     5 |     6 |     7 ||    18
       Trog's Hand       |       |     2 |     1 |     3 ||     6
 Abil: Breathe Steam     |       |       |     9 |    19 ||    28
  Use: Scroll            |       |     6 |     8 |    12 ||    26
       Potion            |       |     1 |       |     1 ||     2
 Stab: Sleeping          |     1 |     2 |     3 |    11 ||    17
       Distracted        |       |       |       |     2 ||     2
  Eat: Chunk             |     2 |    12 |    17 |    24 ||    55
       Ration            |       |       |     2 |     2 ||     4
Armor: Skin              |    26 |    37 |   120 |   147 ||   330
Dodge: Dodged            |    94 |   105 |   233 |   392 ||   824
Block: Buckler           |       |       |    33 |   119 ||   152
